 Dungeon Crawl Stone Soup version 0.20.1-1-g8b1a95d (console) character file.

38349 Kloppie the Spry (level 14, -2/113 HPs)
             Began as a Merfolk Gladiator on July 30, 2017.
             Was the Champion of Okawaru.
             Slain by an azure jelly (11 damage)
             ... on level 5 of the Lair of Beasts.
             The game lasted 00:32:02 (12869 turns).

Kloppie the Spry (Merfolk Gladiator)               Turns: 12869, Time: 00:32:03

Health: -2/113     AC: 11    Str: 17    XL:     14   Next: 1%
Magic:  16/18      EV: 34    Int:  5    God:    Okawaru [******]
Gold:   819        SH: 16    Dex: 26    Spells: 13/13 levels left

rFire    . . .     SeeInvis +   a - +1 trident {elec, rN+ Int-2 Dex+5} (curse)
rCold    . . .     Gourm    .   d - +0 shield (curse)
rNeg     + . .     Faith    .   i - +2 leather armour of the Present {Regen+ Str+3}
rPois    .         Spirit   .   S - +1 helmet {SInv}
rElec    .         Reflect  .   (no cloak)
rCorr    .         Harm     .   e - +1 pair of gloves
MR       +....                  s - +0 pair of boots
Stlth    +++++.....             T - amulet of regeneration
Regen    1.1/turn               m - +1 ring of slaying
MPRegen  0.2/turn               M - +2 ring of evasion

@: heroism
A: change form in water, swift swim, stealthy swim
a: Heroism, Finesse, Renounce Religion


You were on level 5 of the Lair of Beasts.
You worshipped Okawaru.
Okawaru was exalted by your worship.
You were hungry.

You visited 3 branches of the dungeon, and saw 15 of its levels.
You also visited: Volcano.

You collected 1071 gold pieces.
You spent 252 gold pieces at shops.

Inventory:

Hand Weapons
 a - the cursed +1 trident "Ultimatum" (weapon) {elec, rN+ Int-2 Dex+5}
   (You found it on level 2 of the Lair of Beasts)

   Occasionally, upon striking a foe, it will discharge some electrical energy
   and cause terrible harm.
   It affects your intelligence (-2).
   It affects your dexterity (+5).
   It protects you from negative energy.
   It has a curse placed upon it.
 B - a +1 trident
 G - a +1 trident of freezing
 L - a +0 bardiche of flaming
Missiles
 j - 4 javelins of returning
 y - 5 javelins (quivered)
 D - 3 throwing nets
 E - 14 silver javelins
 R - 7 javelins of penetration
Armour
 d - a cursed +0 shield (worn)
 e - a +1 pair of gloves (worn)
 i - the +2 leather armour of the Present (worn) {Regen+ Str+3}
   (You bought it in a shop on level 5 of the Dungeon)

   It affects your strength (+3).
   It increases your rate of regeneration.
 s - a +0 pair of boots (worn)
 N - a +1 leather armour of fire resistance
 S - a +1 helmet of see invisible (worn)
Jewellery
 m - a +1 ring of slaying (left hand)
 p - an uncursed amulet of harm
 u - an uncursed ring of ice
 v - an uncursed ring of flight
 M - a +2 ring of evasion (right hand)
 P - a +3 ring of protection {unknown}
 T - an amulet of regeneration (around neck)
Wands
 k - a wand of iceblast (2/15)
 l - a wand of confusion (25/48)
 F - a wand of paralysis (13/24)
 I - a wand of confusion (35/48)
 W - a wand of disintegration (10/24)
Scrolls
 b - a scroll of magic mapping
 g - 2 scrolls of remove curse
 o - 6 scrolls of identify
 q - 9 scrolls of teleportation
 C - a scroll of blinking
 Q - a scroll of fear {unknown}
 V - a scroll of enchant armour
Potions
 r - a potion of flight
 w - 4 potions of brilliance
 x - 4 potions of cancellation
 z - 5 potions of mutation
 H - 2 potions of heal wounds
 J - a potion of berserk rage
 K - a potion of resistance
 U - a potion of haste
 X - a potion of curing
Books
 c - a book of Unlife

   Spells                             Type                      Level
   a - Recall                         Summoning/Translocation      3
   b - Animate Dead                   Necromancy                   4
   c - Control Undead                 Necromancy                   4
   d - Cigotuvi's Embrace             Necromancy                   5
   e - Death Channel                  Necromancy                   6
   f - Simulacrum                     Ice/Necromancy               6
 A - a Young Poisoner's Handbook

   Spells                             Type                      Level
   a - Sting                          Conjuration/Poison           1
   b - Poisonous Vapours              Poison/Air                   2
   c - Mephitic Cloud                 Conjuration/Poison/Air       3
   d - Olgreb's Toxic Radiance        Poison                       4
   e - Venom Bolt                     Conjuration/Poison           5
Comestibles
 f - 12 bread rations
 h - 8 fruits
 n - 4 royal jellies
 t - 8 meat rations
 O - 3 chunks of flesh


   Skills:
 + Level 11.0(16.0) Fighting
 - Level 14.2(19.2) Polearms
 - Level 2.0(7.0) Throwing
 - Level 15.1(20.1) Dodging
 - Level 4.3(9.3) Stealth
 + Level 13.4(18.4) Shields
 - Level 5.9 Invocations


You had 13 spell levels left.
You didn't know any spells.

Dungeon Overview and Level Annotations

Branches:
Dungeon (8/15)             Temple (1/1) D:6            Lair (6/6) D:8
 Shoals (0/4) Lair:2        Snake (0/4) Lair:4        Slime (0/5) Lair:5

Altars:
Ashenzari
Cheibriados
Dithmenos
Elyvilon
Fedhas
Gozag
Hepliaklqana
Kikubaaqudgha
Makhleb
Nemelex Xobeh
Okawaru
Qazlal
Ru
Sif Muna
Trog
Xom
Yredelemnul
The Shining One

Shops:
D:5 [

Annotations:
D:3 Timinator's ghost, amateur DrFE
D:4 Duvessa
Lair:5 exclusion: oklob plant


Message History

You completely miss the azure jelly.
The azure jelly is moderately wounded.
You puncture the azure jelly!
The azure jelly is heavily wounded.
You block the azure jelly's attack. The azure jelly barely misses you.
The azure jelly completely misses you. You block the azure jelly's attack.
You closely miss the azure jelly.
The azure jelly is heavily wounded.
The azure jelly hits you but does no damage.
The azure jelly misses you. You block the azure jelly's attack. x2
You impale the azure jelly!!
The azure jelly is severely wounded.
You puncture the azure jelly!
The azure jelly is almost dead.
The azure jelly completely misses you. The azure jelly hits you.
* * * LOW HITPOINT WARNING * * *
The azure jelly freezes you!!!
* * * LOW HITPOINT WARNING * * *
The azure jelly hits you!
You die...

#.#..### #P........##.?.##
###.#..####...###..#*,...#
##...#.##..P.#########..#
*#............#.P###.#..#*
#P...P#.P.#.P...........#
##...#####....#PP..P....## #**
#...####.##......#.....#.###(#
#...,*..........#####.........
#...,,......J@..#,###..####.#.
#.,,,,....P.PP#...#...###.##,*
**,,,,,..##P...#P#......###.###
*,,,**,,..P..#####.#...P...#..#
**,,,,,......* #*##..........
**,*,,###...* #.......##.
****,* ##.** ###.####### ***
##* ### #. ##


You could see an azure jelly.

Vanquished Creatures
  A stone giant (Volcano)
  A dire elephant (Lair:6)
  3 hydras
  Harold (Lair:2)
  The ghost of Teleutos the Basher, a journeyman HuBe of Trog (Lair:1)
  A merfolk avatar (Lair:6)
  Erica (Lair:2)
  3 death yaks (Lair:4)
  Urug (Lair:2)
  Nergalle (Lair:3)
  2 harpies (Lair:6)
  A manticore (Lair:6)
  16 elephants
  A molten gargoyle (Volcano)
  A guardian serpent (Lair:4)
  A gargoyle (Volcano)
  2 black mambas
  5 spiny frogs
  5 rime drakes
  An efreet (Volcano)
  8 komodo dragons
  10 polar bears
  3 hornets (Lair:6)
  4 blink frogs (Lair:2)
  7 dream sheep (Lair:6)
  3 hippogriffs
  A fire elemental (Volcano)
  4 wyverns
  A basilisk (Lair:6)
  10 yaks
  The ghost of Knicklaso the Chiller, an amateur MfIE (D:4)
  17 water moccasins
  11 porcupines
  An ice beast (D:6)
  3 black bears
  A sky beast (D:6)
  An orc warrior (D:7)
  4 boggarts (Lair:6)
  9 wolves (Lair:1)
  6 centaurs
  An ogre (D:7)
  6 crocodiles
  11 bullfrogs
  A gnoll sergeant (D:6)
  3 earth elementals (Volcano)
  A scorpion (D:5)
  Dowan (D:4)
  A howler monkey (D:5)
  2 electric eels (Lair:4)
  2 crimson imps
  4 lava snakes (Volcano)
  5 hounds
  A centaur skeleton (D:8)
  6 orc wizards (D:7)
  3 jellies (Lair:5)
  6 orc priests
  Jessica (D:2)
  2 iguanas
  5 worker ants
  A hound zombie (D:5)
  2 hound skeletons
  4 gnolls (D:6)
  4 adders
  6 oozes
  An adder skeleton (D:6)
  5 worms
  2 dart slugs
  4 leopard geckos
  22 orcs
  7 bats
  7 giant cockroaches
  4 goblins
  10 hobgoblins
  14 jackals
  A quokka (D:6)
  4 frilled lizards
  9 kobolds
  A leopard gecko zombie (D:6)
  A quokka skeleton (D:7)
  10 rats
335 creatures vanquished.

Vanquished Creatures (others)
  15 fungi
  19 plants
34 creatures vanquished.

Grand Total: 369 creatures vanquished

Notes
Turn   | Place    | Note
-------+----------+-------------------------------------------
     0 | D:1      | Kloppie the Merfolk Gladiator began the quest for the Orb.
     0 | D:1      | Reached XP level 1. HP: 16/16 MP: 1/1
    37 | D:1      | Reached XP level 2. HP: 23/23 MP: 2/2
    47 | D:1      | Reached skill level 5 in Polearms
    81 | D:1      | Reached XP level 3. HP: 16/28 MP: 3/3
  1082 | D:2      | Reached XP level 4. HP: 34/35 MP: 4/4
  1379 | D:2      | Noticed Jessica
  1381 | D:2      | Killed Jessica
  1676 | D:3      | Found a sacrificial altar of Ru.
  1722 | D:3      | Reached XP level 5. HP: 41/41 MP: 5/5
  2088 | D:3      | Noticed Timinator's ghost (amateur DrFE)
  2154 | D:4      | Found a white marble altar of Elyvilon.
  2166 | D:4      | Reached skill level 1 in Stealth
  2487 | D:4      | Noticed Knicklaso's ghost (amateur MfIE)
  2510 | D:4      | Killed Knicklaso's ghost
  2510 | D:4      | Reached XP level 6. HP: 24/47 MP: 6/6
  2988 | D:4      | Reached XP level 7. HP: 45/52 MP: 7/7
  3045 | D:4      | Noticed Duvessa
  3055 | D:4      | Noticed Dowan
  3080 | D:4      | Killed Dowan
  3475 | D:5      | Entered Level 5 of the Dungeon
  3659 | D:5      | Found Beuschan's Antique Armour Shop.
  3667 | D:5      | Bought a steaming leather armour for 252 gold pieces
  3677 | D:5      | Identified the +2 leather armour of the Present {Regen+ Str+3} (You bought it in a shop on level 5 of the Dungeon)
  3844 | D:5      | Reached skill level 5 in Fighting
  3844 | D:5      | Reached skill level 10 in Polearms
  3844 | D:5      | Reached XP level 8. HP: 21/62 MP: 8/8
  4176 | D:6      | Reached skill level 5 in Dodging
  4319 | D:6      | Found a staircase to the Ecumenical Temple.
  4327 | D:6      | Reached skill level 6 in Dodging
  4354 | Temple   | Entered the Ecumenical Temple
  4555 | Temple   | Became a worshipper of Warmaster Okawaru
  4874 | D:7      | Reached skill level 7 in Dodging
  4886 | D:7      | Reached XP level 9. HP: 61/69 MP: 9/9
  5050 | D:7      | Reached * piety under Okawaru
  5304 | D:7      | Reached skill level 8 in Dodging
  5381 | D:8      | Found a sparkling altar of Nemelex Xobeh.
  5544 | D:8      | Found a staircase to the Lair.
  5545 | D:8      | Noticed a komodo dragon
  5582 | D:8      | Killed a komodo dragon
  5724 | D:8      | Reached ** piety under Okawaru
  5726 | D:8      | Noticed a two-headed ogre
  5771 | Lair:1   | Entered Level 1 of the Lair of Beasts
  5785 | Lair:1   | Noticed a rime drake
  5797 | Lair:1   | Killed a rime drake
  6108 | Lair:1   | Reached XP level 10. HP: 73/79 MP: 10/10
  6133 | Lair:1   | Reached *** piety under Okawaru
  6191 | Lair:1   | Reached skill level 9 in Dodging
  6191 | Lair:1   | Reached skill level 1 in Shields
  6295 | Lair:1   | Noticed a spiny frog
  6322 | Lair:1   | Killed a spiny frog
  6403 | Lair:1   | Noticed Teleutos's ghost (journeyman HuBe)
  6585 | Lair:2   | Reached skill level 10 in Dodging
  6603 | Lair:2   | Received a gift from Okawaru
  6772 | Lair:2   | Reached **** piety under Okawaru
  6791 | Lair:2   | Found a staircase to the Shoals.
  6892 | Lair:2   | Noticed Urug
  6948 | Lair:2   | HP: 3/80 [Urug/great mace of protection (19)]
  6956 | Lair:2   | Killed Urug
  6956 | Lair:2   | Reached skill level 11 in Dodging
  6956 | Lair:2   | Reached skill level 5 in Shields
  7111 | Lair:2   | Got a scorched trident
  7121 | Lair:2   | Identified the cursed +1 trident "Ultimatum" {elec, rN+ Int-2 Dex+5} (You found it on level 2 of the Lair of Beasts)
  7134 | Lair:2   | Reached XP level 11. HP: 81/86 MP: 11/11
  7172 | Lair:2   | Noticed Harold
  7184 | Lair:2   | Killed Harold
  7184 | Lair:2   | Reached ***** piety under Okawaru
  7184 | Lair:2   | Reached skill level 12 in Dodging
  7281 | Lair:2   | Noticed Erica
  7307 | Lair:2   | HP: 4/86 [something/bolt of poison (22)]
  7310 | Lair:2   | HP: 1/86 [poisoned by Erica (bolt of poison)]
  7484 | Lair:2   | Noticed an eight-headed hydra
  7500 | Lair:2   | Killed an eight-headed hydra
  7790 | Lair:1   | Killed Teleutos's ghost
  7790 | Lair:1   | Received a gift from Okawaru
  8187 | Lair:2   | Reached skill level 13 in Dodging
  8297 | Lair:2   | Killed Erica
  8786 | Lair:3   | Received a gift from Okawaru
  8905 | Lair:3   | Noticed Nergalle
  8921 | Lair:3   | Killed Nergalle
  8921 | Lair:3   | Reached XP level 12. HP: 94/94 MP: 12/12
  9163 | Lair:3   | Noticed a five-headed hydra
  9171 | Lair:3   | Killed a five-headed hydra
  9677 | Lair:4   | Noticed a death yak
  9677 | Lair:4   | Noticed a death yak
  9677 | Lair:4   | Noticed a death yak
  9703 | Lair:4   | Killed a death yak
  9703 | Lair:4   | Reached skill level 10 in Shields
  9703 | Lair:4   | Reached skill level 1 in Invocations
  9918 | Lair:4   | Found a staircase to the Snake Pit.
 10178 | Lair:4   | Killed a death yak
 10190 | Lair:4   | Killed a death yak
 10190 | Lair:4   | Reached ****** piety under Okawaru
 10387 | Lair:5   | Found a dark tunnel.
 10395 | Volcano  | Entered a volcano
 10564 | Volcano  | Found a bloodstained altar of Trog.
 10571 | Volcano  | Noticed a stone giant
 10594 | Volcano  | Killed a stone giant
 10613 | Volcano  | Reached skill level 5 in Invocations
 10808 | Lair:5   | You fall through a shaft!
 10808 | Lair:6   | Entered Level 6 of the Lair of Beasts
 10808 | Lair:6   | Found a shattered altar of Ashenzari.
 10955 | Lair:6   | Received a gift from Okawaru
 11007 | Lair:6   | Received a gift from Okawaru
 11007 | Lair:6   | Reached XP level 13. HP: 103/103 MP: 17/17
 11049 | Lair:6   | Received a gift from Okawaru
 11066 | Lair:6   | Reached skill level 14 in Dodging
 11613 | Lair:6   | Reached skill level 15 in Dodging
 11848 | Lair:5   | Reached skill level 10 in Fighting
 12000 | Lair:5   | Found a staircase to the Slime Pits.
 12029 | Lair:5   | Received a gift from Okawaru
 12056 | Lair:5   | Noticed an azure jelly
 12254 | Lair:6   | Noticed a dire elephant
 12299 | Lair:6   | Identified a scroll of acquirement
 12377 | Lair:6   | Killed a dire elephant
 12510 | Lair:6   | Received a gift from Okawaru
 12595 | Lair:6   | Reached XP level 14. HP: 82/113 MP: 18/18
 12869 | Lair:5   | Slain by an azure jelly

Skill      XL: |  1  2  3  4  5  6  7  8  9 10 11 12 13 |
---------------+----------------------------------------+-----
Polearms       | 5 6 8 10 11 13 14 | 14.2
Fighting       | 3 5 7 8 9 11 | 11.0
Stealth        | 3 4 |  4.3
Dodging        | 7 8 11 13 15 | 15.1
Shields        | 5 9 11 13 | 13.4
Invocations    | 5 |  5.9
Throwing       | |  2.0

Action                   |  1- 3 |  4- 6 |  7- 9 | 10-12 | 13-15 || total
-------------------------+-------+-------+-------+-------+-------++-------
Melee: Trident           |   123 |   170 |   472 |   663 |   487 ||  1915
       Tailslap          |       |       |       |     6 |     8 ||    14
Throw: Throwing net      |     3 |     1 |     4 |       |       ||     8
       Javelin           |       |       |       |     2 |       ||     2
Invok: Heroism           |       |       |     1 |     2 |     2 ||     5
       Finesse           |       |       |       |     1 |       ||     1
Evoke: Wand              |       |       |       |     2 |       ||     2
  Use: Potion            |       |     1 |    11 |     1 |     1 ||    14
       Scroll            |       |       |    19 |     9 |     1 ||    29
 Stab: Sleeping          |     1 |     4 |     8 |     7 |     1 ||    21
       Held in net/web   |       |       |     2 |       |       ||     2
       Distracted        |       |       |     1 |     5 |     5 ||    11
  Eat: Chunk             |     1 |     4 |    10 |    14 |     6 ||    35
       Royal jelly       |       |     1 |       |     1 |       ||     2
Armor: Leather armour    |    27 |    28 |    74 |    51 |    33 ||   213
       Skin              |       |       |     5 |       |       ||     5
Dodge: Dodged            |   111 |   119 |   283 |   311 |   274 ||  1098
Block: Shield            |       |       |       |   162 |   250 ||   412
